 Dungeon Crawl Stone Soup version 0.29-a0-649-g45c230d69a (webtiles) character file.

Game seed: 13379479492170126883

10145 passata the Fighter (level 11, -1/92 HPs)
             Began as a Formicid Fighter on June 21, 2022.
             Was a High Priest of Okawaru.
             Slain by a catoblepas (27 damage)
             ... on level 10 of the Dungeon.
             The game lasted 00:32:07 (12596 turns).

passata the Fighter (Formicid Fighter)             Turns: 12596, Time: 00:32:08

Health: -1/92      AC: 14    Str: 26    XL:     11   Next: 87%
Magic:  16/16      EV: 15    Int:  7    God:    Okawaru [*****.]
Gold:   433        SH:  8    Dex: 25    Spells: 10/10 levels left

rFire   + . .      SeeInvis +   a - +7 quarterstaff of Qedum {freeze, Drain rPois Dex+6}
rCold   . . .      Faith    .   m - +0 buckler
rNeg    . . .      Spirit   .   G - +0 swamp dragon scales
rPois   +          Reflect  .   (helmet unavailable)
rElec   .          Harm     .   j - +0 cloak
rCorr   .          Rampage  .   i - +0 pair of gloves
Will    +....                   s - +1 pair of boots {Fly}
Stlth   +.........              (no amulet)
HPRegen 0.25/turn               e - ring of protection from fire
MPRegen 0.15/turn               A - +6 ring of dexterity

@: flying, studying Throwing
A: permanent stasis, dig shafts and tunnels, antennae 3, four strong arms
a: Dig, Shaft Self, Renounce Religion, Heroism, Finesse, Duel


You were on level 10 of the Dungeon.
You worshipped Okawaru.
Okawaru was extremely pleased with you.
You visited 1 branch of the dungeon, and saw 10 of its levels.

You collected 703 gold pieces.
You spent 270 gold pieces at shops.

Inventory:

Hand Weapons
 a - the +7 quarterstaff of Qedum (weapon) {freeze, Drain rPois Dex+6}
   (You took it off a gnoll shaman on level 7 of the Dungeon)

   It freezes those it strikes, dealing additional cold damage.
   It can also slow down cold-blooded creatures.
   Dex:       It affects your dexterity (+6).
   rPois:     It protects you from poison.
   Drain:     It drains your maximum health when unequipped.
 b - a +0 shortbow
 c - a +4 dagger of draining
 g - a +5 flail
 B - a +0 dagger of venom
 C - a +0 battleaxe
 D - a +1 halberd of freezing
 K - a +4 great sword
 M - a +2 scimitar of flaming
 R - a +1 dire flail of venom
Missiles
 h - 109 stones
 w - 15 poisoned darts
 J - 10 boomerangs
 L - 11 atropa-tipped darts
 V - 4 javelins (quivered)
 Z - 6 silver boomerangs
Armour
 i - a +0 pair of gloves (worn)
 j - a +0 cloak (worn)
 m - a +0 buckler (worn)
 s - a +1 pair of boots of flying (worn)
 G - +0 swamp dragon scales (worn)
Jewellery
 e - a ring of protection from fire (left hand)
 k - a ring of ice
 A - a +6 ring of dexterity (right hand)
 H - a +6 ring of intelligence
Wands
 T - a wand of iceblast (6)
 U - a wand of paralysis (2)
 W - a wand of digging (6)
Scrolls
 o - 2 scrolls of fear
 p - a scroll of magic mapping
 r - 2 scrolls of poison
 t - 5 scrolls of fog
 u - 2 scrolls of immolation
 v - a scroll of identify
 y - a scroll of amnesia
 F - 4 scrolls of vulnerability
 S - a scroll of enchant weapon
 Y - a scroll of summoning {unknown}
Potions
 d - a potion of cancellation
 f - 3 potions of mutation
 l - a potion of magic
 n - a potion of degeneration {unknown}
 q - 2 potions of haste
 x - 2 potions of lignification
 z - 8 potions of heal wounds
 E - a potion of brilliance
 I - 3 potions of might
 N - 4 potions of curing
 O - 2 potions of invisibility
 P - a potion of resistance
 Q - a potion of flight


   Skills:
 * Level 10.6 Fighting
 * Level 9.4 Long Blades
 + Level 7.7 Armour
 + Level 5.7 Dodging
 + Level 9.3 Shields
 + Level 6.7 Invocations


You had 10 spell levels left.
You didn't know any spells.
Your spell library contained the following spells:

 Spells                   Type           Power      Damage    Failure   Level
 Poisonous Vapours        Pois/Air       0%         N/A       75%         2
 Conjure Flame            Conj/Fire      0%         6-21      93%         3
 Ignite Poison            Fire/Tmut/Pois 0%         N/A       93%         3
 Corpse Rot               Necr/Pois/Air  0%         N/A       100%        4
 Dispel Undead            Necr           0%         3d6       100%        4
 Sticky Flame             Conj/Fire      0%         2d3       100%        4
 Animate Dead             Necr           Unusable   N/A       N/A         4
 Death Channel            Necr           Unusable   N/A       N/A         6
 Haunt                    Necr/Summ      Unusable   N/A       N/A         7
 Infestation              Necr           Unusable   N/A       N/A         8

Dungeon Overview and Level Annotations

Branches:
Dungeon (10/15)            Temple (0/1) D:6
   Lair: D:8-11         Orc: D:9-12

Altars:
Cheibriados
Dithmenos
Gozag
Makhleb
Okawaru
Ru
Sif Muna
Trog
Xom
Yredelemnul
Zin

Shops:
D:5 :*   D:6 !


Innate Abilities, Weirdness & Mutations

You cannot be hasted, slowed, berserked, paralysed or teleported.
You can dig through walls and to a lower floor.
You have a pair of large antennae on your head. (SInv)
Your four strong arms can wield two-handed weapons with a shield.


Message History

The blast of calcifying dust hits you.
* * * LOW HITPOINT WARNING * * *
You hit the catoblepas but do no damage.
The catoblepas is heavily wounded.
The catoblepas breathes a plume of calcifying dust at you.
The blast of calcifying dust hits you but does no damage.
You hit the catoblepas. You freeze the catoblepas.
The catoblepas is severely wounded.
The catoblepas misses you.
You hit the catoblepas but do no damage.
The catoblepas is severely wounded.
The catoblepas misses you.
You thump the catoblepas! You freeze the catoblepas.
The catoblepas is severely wounded.
The catoblepas breathes a plume of calcifying dust at you.
The blast of calcifying dust hits you.
* * * LOW HITPOINT WARNING * * *
The catoblepas gores you but does no damage.
You hit the catoblepas but do no damage.
The catoblepas is severely wounded.
The catoblepas breathes a plume of calcifying dust at you.
The blast of calcifying dust hits you!
* * * LOW HITPOINT WARNING * * *
The catoblepas attacks as you move away!
The catoblepas gores you but does no damage.
The catoblepas breathes a plume of calcifying dust at you.
The blast of calcifying dust hits you!
* * * LOW HITPOINT WARNING * * *
You thump the catoblepas! You freeze the catoblepas.
The catoblepas is almost dead.
You feel like a meek peon again.
The catoblepas gores you but does no damage.
You hit the catoblepas but do no damage.
The catoblepas is almost dead.
The catoblepas gores you but does no damage.
You block the catoblepas's attack.
You hit the catoblepas. You freeze the catoblepas.
The catoblepas is almost dead.
The catoblepas gores you!!
You die...

.#...>#.# #........#...#......
.#....#†# #........##+##......
.#....#.# #..................#
##....#.# #.............<....#
#.....#.######.....########.....#
#.....#............#......#.....#
'...###............)......#.....#
#####..............#......#.....#
.......<..#####.@..#......#.....#
..........# #.Y..########.....#
..........# #.§...............#
..........# #..###'#...........
..........# #..#...#...........
..........# #..#...#...........
..........#####..#...#...........
.................#...#..####+#...
........#####....#...#..#....'...


You could see a catoblepas.

Vanquished Creatures
  A boulder beetle (D:8)
  A two-headed ogre (D:10)
  Erica (D:9)
  Urug (D:9)
  The ghost of Querens the Covered, a novice MeFi (D:5)
  Maggie (D:9)
  2 trolls
  Grinder (D:3)
  A wyvern (D:10)
  5 yaks (D:10)
  A shadow (D:9)
  A wraith (D:9)
  A steam dragon (D:6)
  A vampire mosquito (D:8)
  An acid dragon (D:9)
  A water moccasin (D:6)
  4 orc warriors
  2 sky beasts
  2 black bears
  2 ice beasts
  2 centaurs
  5 ogres
  A kobold brigand (D:9)
  A gnoll sergeant (D:6)
  3 bullfrogs
  A necrophage (D:6)
  10 scorpions
  16 wights
  15 killer bees
  A howler monkey (D:9)
  2 hounds
  7 orc priests
  2 gnoll shamans
  2 jellies
  Terence (D:2)
  Jessica (D:3)
  3 iguanas
  5 orc wizards
  15 gnolls
  6 adders
  A shadow imp (D:6)
  2 white imps (D:7)
  2 ufetubi
  3 dart slugs
  36 orcs
  10 endoplasms
  A giant cockroach (D:2)
  8 goblins
  8 hobgoblins
  6 jackals
  6 quokkas
  7 ball pythons
  6 bats
  5 frilled lizards
  12 kobolds
  4 rats
247 creatures vanquished.

Notes
Turn   | Place    | Note
-------+----------+-------------------------------------------
     0 | D:1      | passata the Formicid Fighter began the quest for the Orb.
     0 | D:1      | Reached XP level 1. HP: 18/18 MP: 1/1
    71 | D:1      | Reached XP level 2. HP: 19/24 MP: 2/2
   407 | D:1      | Reached XP level 3. HP: 24/29 MP: 3/3
  1257 | D:2      | Noticed Terence
  1292 | D:2      | Killed Terence
  1293 | D:2      | Reached skill level 4 in Fighting
  1293 | D:2      | Reached XP level 4. HP: 35/37 MP: 4/4
  1317 | D:2      | Reached skill level 1 in Dodging
  1470 | D:2      | Found a shimmering altar of Xom.
  1844 | D:2      | Reached XP level 5. HP: 42/42 MP: 5/5
  2014 | D:3      | Noticed Jessica
  2032 | D:3      | Killed Jessica
  2171 | D:3      | Noticed Grinder
  2507 | D:3      | Reached XP level 6. HP: 45/49 MP: 6/6
  2570 | D:3      | Found a shimmering altar of Xom.
  2576 | D:3      | Found a shimmering blue altar of Sif Muna.
  2577 | D:3      | Found a bloodstained altar of Trog.
  2719 | D:3      | Killed Grinder
  2720 | D:3      | Reached skill level 5 in Fighting
  2720 | D:3      | Reached skill level 5 in Shields
  2720 | D:3      | Reached XP level 7. HP: 30/56 MP: 7/7
  3113 | D:3      | Found an opulent altar of Gozag.
  3114 | D:3      | Found an iron altar of Okawaru.
  3116 | D:3      | Found a burning altar of Makhleb.
  3117 | D:3      | Found a shadowy altar of Dithmenos.
  3117 | D:3      | Found a basalt altar of Yredelemnul.
  3120 | D:3      | Found a snail-covered altar of Cheibriados.
  3123 | D:3      | Found a sacrificial altar of Ru.
  3124 | D:3      | Found a glowing silver altar of Zin.
  3147 | D:3      | Became a worshipper of Warmaster Okawaru
  3649 | D:4      | Reached skill level 1 in Invocations
  3675 | D:4      | Reached XP level 8. HP: 60/64 MP: 7/9
  3703 | D:4      | Reached * piety under Okawaru
  3803 | D:4      | Reached skill level 6 in Fighting
  3803 | D:4      | Reached skill level 5 in Long Blades
  4049 | D:5      | Entered Level 5 of the Dungeon
  4340 | D:5      | Reached skill level 5 in Armour
  4986 | D:5      | Found Koto's Assorted Antiques.
  5203 | D:5      | Found Egher's Book Emporium.
  5215 | D:5      | Noticed Querens's ghost (novice MeFi)
  5216 | D:5      | Found a transporter.
  5383 | D:5      | Found a transporter.
  5560 | D:6      | Found a staircase to the Ecumenical Temple.
  5596 | D:6      | Reached XP level 9. HP: 59/71 MP: 11/11
  5734 | D:6      | Reached skill level 7 in Fighting
  5989 | D:6      | Reached ** piety under Okawaru
  6359 | D:6      | Found Ikockor's Distillery.
  6374 | D:6      | Bought a potion of invisibility for 120 gold pieces
  6374 | D:6      | Bought a potion of resistance for 150 gold pieces
  6750 | D:7      | Reached *** piety under Okawaru
  6848 | D:7      | Reached skill level 8 in Fighting
  7112 | D:7      | Reached XP level 10. HP: 67/80 MP: 13/13
  7894 | D:5      | Killed Querens's ghost
  8426 | D:8      | Identified the +7 quarterstaff of Qedum {freeze, Drain
                  | rPois Dex+6}
  8845 | D:8      | Reached skill level 5 in Invocations
  9330 | D:8      | Reached skill level 9 in Fighting
  9435 | D:8      | Noticed a boulder beetle
  9445 | D:8      | Reached **** piety under Okawaru
  9450 | D:8      | Killed a boulder beetle
  9451 | D:8      | Reached XP level 11. HP: 52/89 MP: 12/15
  9980 | D:9      | Reached skill level 5 in Dodging
 10088 | D:9      | Reached ***** piety under Okawaru
 10285 | D:9      | Noticed Maggie
 10298 | D:9      | Killed Maggie
 10642 | D:9      | Reached skill level 10 in Fighting
 11184 | D:10     | Entered Level 10 of the Dungeon
 11184 | D:10     | Noticed Erica
 11184 | D:10     | Noticed Urug
 11194 | D:9      | Killed Erica
 11224 | D:9      | Killed Urug
 11995 | D:10     | Received a gift from Okawaru
 12470 | D:10     | Noticed a two-headed ogre
 12476 | D:10     | Killed a two-headed ogre
 12572 | D:10     | Noticed a catoblepas
 12596 | D:10     | Slain by a catoblepas

Illustrated notes

Levels and vault maps discovered:
D:1:      heliophobic_arrival_ceremonial_halls, layout_basic
D:2:      layout_basic, basic_altar, kennysheep_another_room,
          serial_bayou_pond_a, minmay_tetromino_o2, uniq_terence
D:3:      layout_basic, nicolae_overflow_hallway_of_the_gods, hex_large,
          uniq_grinder, uniq_jessica
D:4:      layout_basic, chequers_jeans
D:5:      layout_basic, serial_shops, kennysheep_little_box, nicolae_shop_stone,
          gammafunk_ghost_smash
D:6:      layout_gridville, minmay_temple_entry_steel_oval, serial_shops,
          shop_coins
D:7:      layout_rooms
D:8:      layout_cave_pools, minmay_manual_mail
D:9:      nicolae_cairo_tiling_large, layout_small_grid,
          hangedman_abyss_or_decor_slice, eino_curves_03, minmay_statues_item,
          uniq_maggie
D:10:     layout_irregular_city, uniq_erica, uniq_urug

Skill      XL: |  1  2  3  4  5  6  7  8  9 10 11 |
---------------+----------------------------------+-----
Fighting       | 4 5 6 8 9 10 | 10.6
Long Blades    | 3 4 5 6 8 9 |  9.4
Dodging        | 1 2 3 4 5 |  5.7
Armour         | 4 5 6 7 |  7.7
Shields        | 5 6 7 8 9 |  9.3
Invocations    | 1 2 4 5 6 |  6.7

Action                   |  1- 3 |  4- 6 |  7- 9 | 10-12 || total
-------------------------+-------+-------+-------+-------++-------
Melee: Long sword        |    53 |       |       |       ||    53
       Short sword       |    26 |    25 |    18 |       ||    69
       Dagger            |    18 |    79 |   368 |    21 ||   486
       Flail             |       |       |       |    71 ||    71
       Quarterstaff      |       |       |       |   237 ||   237
 Fire: Hunting sling     |       |    27 |    63 |       ||    90
       Shortbow          |       |       |     3 |    20 ||    23
Throw: Stone             |       |     1 |       |       ||     1
       Dart              |       |       |       |     1 ||     1
       Javelin           |       |       |       |     1 ||     1
Invok: Heroism           |       |       |       |     5 ||     5
       Finesse           |       |       |       |     1 ||     1
 Abil: Dig               |       |       |       |     2 ||     2
  Use: Scroll            |     2 |     4 |     6 |     5 ||    17
       Potion            |       |     5 |       |     2 ||     7
Armor: Scale mail        |    35 |       |       |       ||    35
       Chain mail        |    20 |    54 |   172 |    24 ||   270
       Plate armour      |       |       |       |   121 ||   121
       Swamp dragon scal |       |       |       |    23 ||    23
Dodge: Dodged            |    42 |    32 |   173 |   207 ||   454
Block: Buckler           |    18 |    27 |   101 |   161 ||   307

Table legend: (Time is in decaauts)
 A = Elapsed time spent in this place.
 B = Non-inter-level travel time spent in this place.
 C = Inter-level travel time spent in this place.
 D = Time resting spent in this place.
 E = Time spent auto-exploring this place.
 F = Levels seen in this place.
 G = Mean time per level.
                   A        B        C        D        E       F      G
               +--------+--------+--------+--------+--------+-----+--------+
         Total |  12666 |  12210 |    456 |    996 |   8642 |  10 | 1266.6 |
       Dungeon |  12666 |  12210 |    456 |    996 |   8642 |  10 | 1266.6 |
               +--------+--------+--------+--------+--------+-----+--------+

Top non-repeatable levels by time:
     D:5: 1780 daAuts
     D:9: 1651 daAuts
     D:7: 1564 daAuts
     D:3: 1361 daAuts
     D:6: 1262 daAuts
     D:8: 1259 daAuts
     D:1: 1203 daAuts
    D:10: 1075 daAuts
     D:2: 793 daAuts
     D:4: 712 daAuts
